 Dungeon Crawl Stone Soup version 0.30-a0-738-g116ff8c4af (webtiles) character file.

Game seed: 10101413710909857517

20523 arthad the Summoner (level 12, -10/56 HPs)
             Began as a Felid Summoner on Feb 3, 2023.
             Was an Initiate of Gozag.
             Shot with an arrow by a centaur warrior (21 damage)
             ... on level 13 of the Dungeon.
             The game lasted 01:31:15 (20395 turns).

arthad the Summoner (Felid Summoner)               Turns: 20395, Time: 01:31:16

Health: -10/56     AC:  3    Str:  7    XL:     12   Next: 46%
Magic:  1/25       EV: 22    Int: 20    God:    Gozag
Gold:   1802       SH:  0    Dex: 13    Spells: 3/27 levels left
                                        Lives:  0   Deaths: 4

rFire   + . .      SeeInvis +    (weapon unavailable)
rCold   + + .      Faith    .    (shield unavailable)
rNeg    + + .      Spirit   .    (body armour unavailable)
rPois   .          Reflect  .    (helmet unavailable)
rElec   +          Harm     .    (cloak unavailable)
rCorr   +          Rampage  .    (gloves unavailable)
Will    ++...                    (boots unavailable)
Stlth   ++                       t - amulet "Unumucich" {rElec Will+ Regen+ Str+3}
HPRegen 1.09/turn                e - ring of protection from cold
MPRegen 0.19/turn                v - ring of Kebameg {rF+ rN++ rCorr Dex-5 Slay+2}

@: very slightly contaminated, quick
A: very small, claws 1, fangs 3, see invisible, speed 1, shaggy fur 3, stealthy
paws, no weapons or thrown items, no armour, multi-lived
a: Renounce Religion, Potion Petition, Call Merchant, Bribe Branch


You were on level 13 of the Dungeon.
You worshipped Gozag.
Gozag was most pleased with you.
You visited 2 branches of the dungeon, and saw 14 of its levels.

You collected 3196 gold pieces.
You spent 93 gold pieces at shops.
You paid 1301 gold pieces to Gozag.

Inventory:

Hand Weapons
 m - the +8 long sword "Zibbeimoa" {drain, rCorr}
   (You found it on level 2 of the Dungeon)

   rCorr:     It protects you from acid and corrosion.
 u - the +6 falchion of Bile {speed, Will- rCorr Str+3}
   (You found it on level 5 of the Dungeon)

   Str:       It affects your strength (+3).
   rCorr:     It protects you from acid and corrosion.
   Will:      It decreases your willpower.
Jewellery
 e - a ring of protection from cold (left paw)
 t - the amulet "Unumucich" (around neck) {rElec Will+ Regen+ Str+3}
   (You acquired it on level 8 of the Dungeon)

   [amulet of regeneration]

   Str:       It affects your strength (+3).
   rElec:     It insulates you from electricity.
   Regen:     It increases your rate of health regeneration.
   Will:      It increases your willpower.
 v - the ring of Kebameg (right paw) {rF+ rN++ rCorr Dex-5 Slay+2}
   (You found it on level 9 of the Dungeon)

   [ring of protection from fire]

   Dex:       It affects your dexterity (-5).
   Slay:      It affects your accuracy & damage with ranged weapons and melee
   (+2).
   rF:        It protects you from fire.
   rN:        It greatly protects you from negative energy.
   rCorr:     It protects you from acid and corrosion.
 C - a ring of ice
 E - a ring of protection from fire
 H - a ring of fire
Wands
 b - a wand of polymorph (11)
 n - a wand of digging (3)
 q - a wand of acid (1)
Scrolls
 g - 2 scrolls of teleportation
 i - 4 scrolls of enchant armour
 j - 5 scrolls of amnesia
 k - 6 scrolls of noise
 l - 4 scrolls of enchant weapon
 o - a scroll of fog
 w - 2 scrolls of magic mapping
 z - 3 scrolls of poison
Potions
 a - a potion of magic
 d - 2 potions of ambrosia
 f - 3 potions of haste
 h - 5 potions of degeneration
 p - 2 potions of brilliance
 r - 5 potions of attraction
 s - a potion of curing
 x - a potion of berserk rage
 B - 2 potions of lignification
 G - a potion of mutation
 K - 2 potions of flight
Miscellaneous
 y - a condenser vane (inert)
 D - a phantom mirror (inert)


   Skills:
 + Level 8.6 Fighting
 + Level 11.4 Dodging
 - Level 2.7 Stealth
 + Level 8.2 Spellcasting
 + Level 7.5 Hexes
 * Level 11.8 Summonings
 + Level 10.5 Transmutations
 + Level 9.2 Air Magic
 + Level 5.1 Evocations


You had 3 spell levels left.
You knew the following spells:

 Your Spells              Type           Power      Damage    Failure   Level
a - Summon Small Mammal   Summ           100%       N/A       1%          1
b - Call Imp              Summ           53%        N/A       1%          2
c - Call Canine Familiar  Summ           53%        N/A       1%          3
d - Summon Guardian Gole  Hex/Summ       46%        N/A       1%          3
e - Summon Lightning Spi  Summ/Air       50%        N/A       1%          4
f - Summon Mana Viper     Hex/Summ       46%        N/A       4%          5
g - Summon Cactus Giant   Summ           26%        N/A       10%         6

Your spell library contained the following spells:

 Spells                   Type           Power      Damage    Failure   Level
 Slow                     Hex            100%       N/A       1%          1
 Confusing Touch          Hex            38%        N/A       1%          3
 Tukima's Dance           Hex            38%        N/A       1%          3
 Ensorcelled Hibernation  Hex/Ice        46%        N/A       2%          2
 Spider Form              Tmut/Pois      29%        N/A       2%          3
 Necrotise                Necr           32%        1d5       9%          1
 Gell's Gravitas          Tloc           8%         N/A       26%         3
 Teleport Other           Tloc           8%         N/A       26%         3
 Vampiric Draining        Necr           8%         2d6       26%         3
 Yara's Violent Unravell  Hex/Tmut       22%        3d10      5%          5
 Anguish                  Hex/Necr       11%        N/A       19%         4
 Summon Forest            Summ/Tloc      15%        N/A       21%         5
 Passage of Golubria      Tloc           8%         N/A       63%         4
 Storm Form               Tmut/Air       23%        N/A       77%         7
 Agony                    Necr           8%         N/A       93%         5
 Dispersal                Tloc           4%         N/A       100%        6
 Maxwell's Capacitive Co  Air            22%        ∞         100%        8


Dungeon Overview and Level Annotations

Branches:
Dungeon (13/15)            Temple (1/1) D:4            Lair (0/5) D:11
    Orc (0/2) D:12         Vaults (0/5) D:13

Altars:
Ashenzari
Cheibriados
Dithmenos
Elyvilon
Fedhas
Gozag
Hepliaklqana
Kikubaaqudgha
Makhleb
Nemelex Xobeh
Okawaru
Qazlal
Ru
Sif Muna
Trog
Uskayaw
Vehumet
Wu Jian
Xom
Yredelemnul
Zin
The Shining One

Shops:
D:3 *[=:   D:5 ??


Innate Abilities, Weirdness & Mutations

You have sharp claws.
You have razor-sharp teeth.
You have supernaturally acute eyesight. (SInv)
You cover ground quickly. (Speed+)
Your thick and shaggy fur keeps you warm. (AC +3, rC+)
Your paws help you pounce on unaware monsters.
You are incapable of wielding weapons or throwing items.
You cannot wear armour.
You gain extra lives every three experience levels.


Message History

The nameless horror is almost destroyed.
The nameless horror closely misses you.
You scratch the nameless horror but do no damage.
The nameless horror is almost destroyed.
The centaur warrior wields a +0 shortbow.
The centaur warrior shoots an arrow.
The arrow hits you! The nameless horror hits you!
You feel your power leaking away.
You scratch the nameless horror.
The nameless horror is almost destroyed.
The centaur is no longer distracted by gold.
The nameless horror hits you.
You feel your power leaking away.
You scratch the nameless horror but do no damage.
You bite the nameless horror.
The nameless horror is almost destroyed.
The centaur wields a +0 shortbow.
The centaur shoots an arrow.
The arrow completely misses you.
The centaur warrior is distracted by your dazzling golden aura.
The nameless horror misses you.
The centaur warrior shouts!
You scratch the nameless horror.
You destroy the nameless horror!
That felt strangely unrewarding.
The centaur shoots an arrow.
The arrow barely misses you.
The centaur shoots an arrow.
The arrow barely misses you.
As you read the scroll of fog, it crumbles to dust.
The scroll dissolves into smoke.
The centaur warrior shoots an arrow.
The arrow hits you!
The centaur shoots an arrow.
The arrow completely misses you.
There is an open door here.
The centaur warrior shoots an arrow.
The arrow hits you!
* * * LOW HITPOINT WARNING * * *
Unknown command.
The centaur warrior shoots an arrow.
The arrow hits you!
* * * LOW HITPOINT WARNING * * *
There is a stone staircase leading up here.
You feel better.
The centaur warrior shoots an arrow.
The arrow hits you!!
You die...
Your body crumbles into a pile of gold.

*################################
,................................
*.......§§§§####.....##..#####...
*.......§§§§# #.....##..# #...
*.....$§.#§c####.....##..#####...
,....$...§§§cc...................
,.....########'##########'#####..
,.....* #....@.......,...,,#..
,....,* #............,.....#..
,....,* #...........(,.....###
,,,,,,* ####'##.##...#*,....##.
,,,,,,* #........#,..#***#####.
,,,,,,* #........#,,.#*,,,,,*#.
,****** #.....#..#,,,.,,,,,,*##
,*,,,* #........#,,,,,,,,,,*
,*,,,* #......z.#,,,**,,,,,*


You could see a centaur warrior and a centaur.

Vanquished Creatures
  5 vault guards (D:13)
  Sonja (D:13)
  A nameless horror (D:13)
  An orange crystal statue (D:9)
  2 humans (D:13)
  A vampire mosquito (D:11)
  A sky beast (D:7)
  2 phantoms
  A scorpion (D:13)
  A hound (D:5)
  2 iguanas
  An adder (D:6)
  A white imp (D:6)
  2 ufetubi
  An orc (D:5)
  An endoplasm (D:1)
  3 hobgoblins
  A quokka (D:2)
  A rat (D:2)
29 creatures vanquished.

Vanquished Creatures (collateral kills)
  Jorgrun (D:13)
  Gastronok (D:8)
  Snorg (D:13)
  A vault guard (D:13)
  A hydra (D:9)
  An ogre mage (D:12)
  4 two-headed ogres
  3 skeletal warriors (D:13)
  A deep elf pyromancer (D:13)
  2 manticores
  3 cyclopes
  2 unseen horrors
  A gargoyle (D:10)
  A kobold demonologist (D:11)
  An efreet (D:13)
  A komodo dragon (D:13)
  2 trolls
  4 hornets
  Sigmund (D:3)
  10 slime creatures (D:13)
  2 shadows
  9 yaks
  4 humans (D:13)
  A wyvern (D:7)
  3 wraiths
  A basilisk (D:12)
  7 vampire mosquitoes
  2 steam dragons
  An acid dragon (D:12)
  3 water moccasins
  4 orc warriors
  A black bear (D:6)
  2 sky beasts
  An ice beast (D:6)
  4 ogres
  3 centaurs
  2 phantoms (D:12)
  6 bullfrogs
  2 kobold brigands
  2 necrophages
  A gnoll sergeant (D:7)
  4 scorpions
  3 wights
  A troll zombie (D:12)
  4 killer bees (D:9)
  3 howler monkeys
  A crimson imp (D:8)
  3 jellies
  2 hounds (D:6)
  A gnoll bouda (D:9)
  9 orc priests
  2 iguanas
  11 orc wizards
  Natasha (thrice) (D:4)
  4 ogre zombies (D:12)
  11 gnolls
  11 adders
  A river rat (D:9)
  A shadow imp (D:6)
  2 white imps
  An ufetubus (D:6)
  A worm (D:2)
  7 dart slugs
  34 orcs
  8 ball pythons
  6 endoplasms
  2 giant cockroaches
  5 goblins
  8 hobgoblins
  4 nameless horrors
  3 quokkas
  7 bats
  4 frilled lizards
  3 goblin skeletons (D:12)
  3 goblin zombies (D:12)
  A hobgoblin skeleton (D:12)
  A hobgoblin zombie (D:12)
  17 kobolds
  10 orc zombies (D:12)
  29 rats
334 creatures vanquished.

Vanquished Creatures (others)
  A two-headed ogre (D:6)
  2 slime creatures (D:13)
  Pikel (D:4)
  2 gargoyles
  A komodo dragon (D:11)
  2 trolls
  5 yaks
  A steam dragon (D:6)
  5 vampire mosquitoes
  A sky beast (D:6)
  An ice beast (D:5)
  An orc warrior (D:6)
  A centaur (D:4)
  2 scorpions
  6 wights
  6 killer bees (D:9)
  Crazy Yiuf (D:6)
  An ogre zombie (D:12)
  A gnoll (D:5)
  An orc zombie (D:12)
  24 plants
66 creatures vanquished.

Grand Total: 429 creatures vanquished

Notes
Turn   | Place    | Note
-------+----------+-------------------------------------------
     0 | D:1      | arthad the Felid Summoner began the quest for the Orb.
     0 | D:1      | Reached XP level 1. HP: 7/7 MP: 4/4
   189 | D:1      | Reached XP level 2. HP: 11/11 MP: 6/6
   855 | D:1      | Learned a level 2 spell: Call Imp
   961 | D:2      | Reached skill level 5 in Summonings
   961 | D:2      | Reached XP level 3. HP: 14/14 MP: 2/7
  1455 | D:2      | Identified the +8 long sword "Zibbeimoa" {drain, rCorr}
  1824 | D:2      | Reached XP level 4. HP: 18/18 MP: 4/8
  2010 | D:2      | Learned a level 3 spell: Call Canine Familiar
  2110 | D:3      | Found Ysepsir's Antique Armour Emporium.
  2116 | D:3      | Succumbed to an adder's poison
  2117 | D:3      | Reached XP level 3. HP: 0/14 MP: 4/7
  2287 | D:3      | Reached XP level 4. HP: 18/18 MP: 0/8
  2374 | D:3      | Reached skill level 1 in Hexes
  2417 | D:3      | Found Ebbina's Jewellery Shoppe.
  2500 | D:3      | Found Uginodd's Assorted Antiques.
  2507 | D:3      | Bought a scroll labelled GOEXTASTEB for 24 gold pieces
  2507 | D:3      | Bought a blue potion for 21 gold pieces
  2507 | D:3      | Bought a scroll labelled YLARRU YNUNUDO for 24 gold pieces
  2507 | D:3      | Bought a scroll labelled XUMOTI ECUSKARCH for 24 gold
                  | pieces
  2547 | D:3      | Noticed Sigmund
  2563 | D:3      | Killed Sigmund
  2564 | D:3      | Reached skill level 1 in Fighting
  2564 | D:3      | Reached skill level 1 in Air Magic
  2564 | D:3      | Reached XP level 5. HP: 22/22 MP: 3/9
  2787 | D:3      | Gained mutation: You are covered in thick fur. (AC +2)
                  | [Felid growth]
  2787 | D:3      | Reached XP level 6. HP: 25/25 MP: 6/10
  2791 | D:3      | Learned a level 3 spell: Summon Guardian Golem
  2871 | D:3      | You fall into a shaft and drop 2 floors!
  2871 | D:5      | Entered Level 5 of the Dungeon
  2881 | D:5      | Found Fuhetzel's Magic Scroll Shoppe.
  2883 | D:5      | Found Duapef's Magic Scroll Shop.
  3129 | D:3      | Found Buriw's Book Boutique.
  3275 | D:3      | Found a hide-covered altar of Uskayaw.
  3614 | D:4      | Found a basalt altar of Yredelemnul.
  3791 | D:4      | Found a staircase to the Ecumenical Temple.
  3804 | Temple   | Entered the Ecumenical Temple
  3896 | Temple   | Became a worshipper of Gozag Ym Sagoz the Greedy
  4195 | D:4      | Noticed Natasha
  4226 | D:4      | Killed Natasha
  4227 | D:4      | Reached XP level 7. HP: 19/30 MP: 1/12
  4418 | D:4      | Noticed Pikel
  4439 | D:4      | Killed Pikel
  4440 | D:4      | Reached skill level 5 in Hexes
  4440 | D:4      | Reached skill level 1 in Transmutations
  4440 | D:4      | Reached XP level 8. HP: 34/34 MP: 6/14
  4480 | D:4      | Reached skill level 5 in Dodging
  4675 | D:4      | Noticed Natasha
  4680 | D:4      | Killed Natasha
  4879 | D:4      | Noticed Natasha
  4889 | D:4      | Killed Natasha
  4971 | D:4      | Found a blossoming altar of Fedhas.
  4971 | D:4      | Found an ancient bone altar of Kikubaaqudgha.
  5457 | D:5      | Slain by a vampire mosquito
  5458 | D:5      | Reached XP level 7. HP: 0/32 MP: 11/14
  5464 | D:5      | Killed a vampire mosquito
  5465 | D:5      | Reached XP level 8. HP: 36/36 MP: 5/15
  5559 | D:5      | Identified the +6 falchion of Bile {speed, Will- rCorr
                  | Str+3}
  6882 | D:6      | Found a glowing golden altar of the Shining One.
  6886 | D:6      | Found a white marble altar of Elyvilon.
  6887 | D:6      | Found a glowing silver altar of Zin.
  7506 | D:6      | Reached XP level 9. HP: 18/40 MP: 10/17
  7607 | D:6      | Found a runed translucent door.
  7608 | D:6      | Noticed Crazy Yiuf
  8016 | D:6      | Reached skill level 5 in Spellcasting
  8092 | D:6      | Noticed a two-headed ogre
  8110 | D:6      | Learned a level 4 spell: Summon Lightning Spire
  8154 | D:6      | Reached skill level 5 in Fighting
  8187 | D:6      | Noticed a troll
  8197 | D:6      | HP: 2/40 [ice beast (14)]
  8346 | D:6      | Killed a troll
  8347 | D:6      | Reached skill level 5 in Transmutations
  8570 | D:6      | Killed a two-headed ogre
  8810 | D:6      | Killed Crazy Yiuf
  8951 | D:7      | Reached skill level 5 in Air Magic
  9556 | D:7      | Reached XP level 10. HP: 45/45 MP: 10/19
  9628 | D:7      | Found an iron altar of Okawaru.
  9733 | D:7      | Found a radiant altar of Vehumet.
 10246 | D:8      | Noticed Gastronok
 10286 | D:8      | Killed Gastronok
 11141 | D:8      | Found a shimmering altar of Xom.
 11141 | D:8      | Found a burning altar of Makhleb.
 11388 | D:8      | Found a hazy altar of Hepliaklqana.
 11388 | D:8      | Found a sacrificial altar of Ru.
 11388 | D:8      | Found a broken altar of Ashenzari.
 11658 | D:8      | Identified a scroll of acquirement
 11658 | D:8      | Acquired the amulet "Unumucich" {rElec Will+ Regen+ Str+3}
 11825 | D:9      | Reached XP level 11. HP: 16/49 MP: 9/21
 12346 | D:9      | Upgraded the game from 0.30-a0-737-gf23d94013f to
                  | 0.30-a0-738-g116ff8c4af
 12760 | D:9      | Noticed a two-headed ogre
 12771 | D:9      | Killed a two-headed ogre
 12772 | D:9      | Gained mutation: Your thick and shaggy fur keeps you warm.
                  | (AC +3, rC+) [Felid growth]
 12772 | D:9      | Reached XP level 12. HP: 53/53 MP: 12/23
 12844 | D:9      | Noticed a six-headed hydra
 12959 | D:9      | Noticed a two-headed ogre
 13039 | D:9      | Reached skill level 10 in Summonings
 13041 | D:9      | Identified the ring of Kebameg {rF+ rN++ rCorr Dex-5
                  | Slay+2}
 13313 | D:9      | Noticed a two-headed ogre
 13481 | D:9      | Killed a six-headed hydra
 13500 | D:9      | Killed a two-headed ogre
 13660 | D:10     | Entered Level 10 of the Dungeon
 14439 | D:10     | Reached skill level 1 in Evocations
 14871 | D:11     | Reached skill level 10 in Dodging
 15249 | D:11     | Found a frozen archway.
 15707 | D:11     | Learned a level 5 spell: Summon Mana Viper
 15714 | D:11     | Learned a level 6 spell: Summon Cactus Giant
 16295 | D:11     | Found a staircase to the Lair.
 16673 | D:12     | Noticed an ogre mage
 16673 | D:12     | Noticed a two-headed ogre
 16673 | D:12     | Noticed a two-headed ogre
 16684 | D:12     | Killed a two-headed ogre
 16993 | D:12     | Found a staircase to the Orcish Mines.
 17244 | D:12     | Killed a two-headed ogre
 17249 | D:12     | Killed an ogre mage
 17399 | D:12     | Reached skill level 10 in Transmutations
 17609 | D:12     | Reached XP level 13. HP: 53/58 MP: 19/25
 18353 | D:13     | Noticed Jorgrun
 18370 | D:13     | Noticed Snorg
 18381 | D:13     | Slain by Snorg
 18382 | D:13     | Reached XP level 12. HP: -4/82 MP: 5/24
 18395 | D:13     | Noticed Sonja
 18417 | D:13     | Killed Sonja
 18423 | D:13     | HP: 1/55 [skeletal warrior/+0 short sword (14)]
 18426 | D:13     | Constricted to death by Jorgrun
 18427 | D:13     | Reached XP level 11. HP: -16/51 MP: 2/23
 18456 | D:13     | Killed Jorgrun
 18458 | D:13     | Killed Snorg
 18485 | D:13     | Noticed Maurice
 18486 | D:13     | Maurice changed into Maurice the scorpion
 18486 | D:13     | Noticed Maurice
 18513 | D:13     | Killed Maurice the scorpion
 18652 | D:13     | Noticed a deep elf pyromancer
 18935 | D:13     | Killed a skeletal warrior
 19328 | D:13     | Killed a deep elf pyromancer
 19456 | D:13     | Noticed a vault guard
 19457 | D:13     | Noticed a vault guard
 19458 | D:13     | Noticed a vault guard
 19461 | D:13     | Noticed a vault guard
 19463 | D:13     | Noticed a vault guard
 19477 | D:13     | Killed a vault guard
 19478 | D:13     | Killed a vault guard
 19479 | D:13     | Killed a vault guard
 19480 | D:13     | Reached XP level 12. HP: 56/56 MP: 3/25
 19480 | D:13     | Killed a vault guard
 19480 | D:13     | Killed a vault guard
 19494 | D:13     | Noticed a vault guard
 19507 | D:13     | Killed a vault guard
 19709 | D:13     | Found a gate to the Vaults.
 19955 | D:13     | Reached skill level 5 in Evocations
 20374 | D:13     | Noticed a centaur warrior
 20394 | D:13     | HP: 1/56 [centaur warrior/arrow (12)]
 20395 | D:13     | Shot with an arrow by a centaur warrior

Illustrated notes

Levels and vault maps discovered:
D:1:      dpeg_arrival_windows_large_door, layout_basic
D:2:      layout_basic, minmay_rat_hole
D:3:      layout_basic, marbit_many_paths, serial_shops, shop, shop,
          nicolae_shop_overgrown_old_shop, shop, nrook_campfire,
          dk_noncrumbling_3, grunt_decor_one_mirror, minmay_shallow_snake_nest,
          uniq_sigmund
D:4:      layout_basic, grunt_temple_overflow_growth_and_decay,
          mainiacjoe_overflow_paths, temple_fountains, lexackson_kobold_supper,
          uniq_natasha, uniq_pikel
D:5:      layout_loops_cross, nicolae_wooded_promenade
D:6:      kennysheep_windowed_halls, layout_basic, good_gods_temple_1,
          uniq_crazy_yiuf_cottage
D:7:      layout_loops_cross, nicolae_vehumet_radiance,
          mainiacjoe_overflow_small_starburst
D:8:      layout_loops_corners, grunt_temple_overflow_champion_of_chaos,
          gammafunk_temple_overflow_claw, uniq_gastronok
D:9:      minmay_statue_hallways, layout_basic, kennysheep_island_fort
D:10:     layout_rooms
D:11:     layout_loops_ring, david_lair_shrubbed,
          portal_ice_cave_entry_pillars_1
D:12:     layout_loops_ring, zombieorc1_lemuel, minmay_misc_feat_secret_circle
D:13:     layout_stronghold, ximxim_vaults_locker_room, uniq_sonja,
          uniq_jorgrun, uniq_snorg, uniq_maurice
Temple:   nicolae_temple_colour_theory

Skill      XL: |  1  2  3  4  5  6  7  8  9 10 11 12 13 |
---------------+----------------------------------------+-----
Summonings     | 5 6 7 8 9 11 | 11.8
Dodging        | 3 4 7 8 9 11 10 | 11.4
Hexes          | 2 4 5 7 6 |  7.5
Fighting       | 1 2 3 4 5 6 7 8 |  8.6
Air Magic      | 1 2 4 5 7 9 8 |  9.2
Spellcasting   | 3 4 5 6 8 7 |  8.2
Transmutations | 1 4 5 8 9 10 | 10.5
Evocations     | 4 5 |  5.1
Stealth        | |  2.7

Action                     |  1- 3 |  4- 6 |  7- 9 | 10-12 | 13-15 || total
---------------------------+-------+-------+-------+-------+-------++-------
  Melee: Unarmed           |    26 |    15 |    43 |    84 |     3 ||   171
         Bite              |     1 |     2 |     6 |    11 |       ||    20
         Punch             |       |       |     1 |     1 |       ||     2
   Cast: Summon Small Mamm |    64 |    24 |    38 |    11 |       ||   137
         Call Imp          |    11 |    13 |    29 |    23 |       ||    76
         Call Canine Famil |     2 |    17 |    60 |    67 |     3 ||   149
         Summon Guardian G |       |     5 |    31 |    65 |     4 ||   105
         Summon Lightning  |       |       |    13 |   109 |     6 ||   128
         Summon Mana Viper |       |       |       |    21 |     4 ||    25
         Summon Cactus Gia |       |       |       |    11 |     2 ||    13
 Invoke: Potion Petition   |       |       |     1 |     2 |       ||     3
  Evoke: Wand              |       |     3 |     3 |    18 |       ||    24
         Condenser vane    |       |       |       |     2 |       ||     2
         Phantom mirror    |       |       |       |     2 |       ||     2
    Use: Potion            |     2 |       |     6 |     6 |     3 ||    17
         Scroll            |       |       |     9 |    14 |     1 ||    24
   Stab: Sleeping          |     1 |     1 |       |       |       ||     2
         Distracted        |     1 |       |     1 |     1 |       ||     3
 Armour: Skin              |     7 |     3 |    10 |    10 |    12 ||    42
  Dodge: Dodged            |    54 |    31 |   132 |   185 |     8 ||   410

Table legend: (Time is in decaauts)
 A = Elapsed time spent in this place.
 B = Non-inter-level travel time spent in this place.
 C = Inter-level travel time spent in this place.
 D = Time resting spent in this place.
 E = Time spent auto-exploring this place.
 F = Levels seen in this place.
 G = Mean time per level.
                   A        B        C        D        E       F      G
               +--------+--------+--------+--------+--------+-----+--------+
         Total |  18521 |  18188 |    333 |   2242 |  11997 |  14 | 1322.9 |
       Dungeon |  18429 |  18117 |    312 |   2242 |  11931 |  13 | 1417.6 |
        Temple |     92 |     72 |     20 |      0 |     65 |   1 |   92.0 |
               +--------+--------+--------+--------+--------+-----+--------+

Top non-repeatable levels by time:
     D:6: 2261 daAuts
    D:12: 1746 daAuts
     D:9: 1728 daAuts
    D:11: 1659 daAuts
    D:13: 1581 daAuts
     D:8: 1392 daAuts
     D:5: 1323 daAuts
     D:3: 1261 daAuts
     D:4: 1252 daAuts
    D:10: 1245 daAuts
     D:7: 1111 daAuts
     D:2: 1028 daAuts
     D:1: 837 daAuts
  Temple: 92 daAuts
